 Dungeon Crawl Stone Soup version 0.30-a0-381-g6ea064c7b4 (webtiles) character file.

Game seed: 18336071112857456228

40 lunkers the Digger (level 4, -1/33 HPs)
             Began as a Meteoran Earth Elementalist on Dec 1, 2022.
             Slain by Robin
             ... wielding a +0 club
              (5 damage)
             ... on level 2 of the Dungeon.
             The game lasted 00:02:30 (603 turns).

lunkers the Digger (Meteoran Earth Elementalist)     Turns: 603, Time: 00:02:30

Health: -1/33      AC:  2    Str:  9    XL:     4   Next: 0%
Magic:  9/10       EV: 12    Int: 19    God:
Gold:   64         SH:  0    Dex: 14    Spells: 8/9 levels left

rFire   . . .      SeeInvis .    c - +0 dagger
rCold   . . .      Faith    .    (no shield)
rNeg    . . .      Spirit   .    a - +0 robe
rPois   .          Reflect  .    (no helmet)
rElec   .          Harm     .    (no cloak)
rCorr   .          Rampage  .    (no gloves)
Will    .....                    (no boots)
Stlth   +.........               (no amulet)
HPRegen 0.25/turn                (no ring)
MPRegen 0.12/turn                (no ring)

@: glowing
A: sense surroundings 1, otherworldly, glowing, explore regen
a: no special abilities


You were on level 2 of the Dungeon.
You visited 1 branch of the dungeon, and saw 2 of its levels.

You collected 64 gold pieces.

Inventory:

Hand Weapons
 c - a +0 dagger (weapon)
Armour
 a - a +0 robe (worn)
Wands
 j - a wand of charming (8)
Scrolls
 d - a scroll of blinking {unknown}
 f - a scroll of identify {unknown}
 h - a scroll of magic mapping {unknown}
 i - a scroll of poison {unknown}
 l - a scroll of teleportation {unknown}
 m - a scroll of enchant armour {unknown}
Potions
 b - a potion of magic
 e - 2 potions of heal wounds {unknown}
 g - a potion of degeneration {unknown}
 k - a potion of resistance {unknown}


   Skills:
 - Level 2.4 Dodging
 - Level 1.4 Stealth
 + Level 3.4 Spellcasting
 - Level 1.2 Transmutations
 * Level 4.9 Earth Magic


You had 8 spell levels left.
You knew the following spells:

 Your Spells              Type           Power      Damage    Failure   Level
a - Sandblast             Erth           42%        2d11      1%          1

Your spell library contained the following spells:

 Spells                   Type           Power      Damage    Failure   Level
 Passwall                 Tmut/Erth      11%        N/A       6%          2
 Stone Arrow              Conj/Erth      24%        3d8       16%         3
 Petrify                  Tmut/Erth      14%        N/A       38%         4


Dungeon Overview and Level Annotations

Branches:
Dungeon (2/15) Zot: 569

Altars:

Annotations:
D:2 Robin


Innate Abilities, Weirdness & Mutations

You passively map a small area around you.
You are easily found by Zot.
You glow in the dark.
You regain HP and MP as you explore.


Message History

The goblin hits you with a +0 dagger.
* * * LOW HITPOINT WARNING * * *
You hear a shout!
Okay, then.
You hit the goblin but do no damage. The goblin hits you with a +0 dagger.
* * * LOW HITPOINT WARNING * * *
You barely miss the goblin.
Robin's bangles clink loudly.
Robin closely misses you.
A hobgoblin comes into view.
The goblin hits you with a +0 dagger.
* * * LOW HITPOINT WARNING * * *
The hobgoblin shouts!
You hit the goblin but do no damage. Robin hits you but does no damage.
A goblin comes into view. It is wielding a +0 dagger.
The goblin closely misses you.
Unknown command.
Aiming: Sandblast (safe; 1% risk of failure)
Press: ? - help, Q - select action, (/) - cycle Shift-Dir - straight line, f/p - goblin
Aim: a goblin, wielding a +0 dagger (strong, 79% to hit)
The blast of sand hits the goblin!
You kill the goblin!
The goblin shouts!
* * * LOW MAGIC WARNING * * *
Robin throws the goblin at you! The goblin hits you with a +0 dagger.
* * * LOW HITPOINT WARNING * * *
Robin hits you with a +0 club.
* * * LOW HITPOINT WARNING * * *
You have reached level 4!
Okay, then.
Magic courses through your body. Robin hits you with a +0 club.
* * * LOW HITPOINT WARNING * * *
The goblin barely misses you.
Aiming: Sandblast (safe; 1% risk of failure)
Press: ? - help, Q - select action, (/) - cycle Shift-Dir - straight line, f - goblin
Aim: a goblin, wielding a +0 dagger (strong, 79% to hit)
The blast of sand hits the goblin!
You kill the goblin!
Robin hits you with a +0 club.
You die...

, , ###......##
............#.#.## * ,
#........#....#.###
#...... #..#.....# ,
#..... #.,#...... #....
,,# ,#.....# , *..., ,
.#.....# ,. , #)# *
..#.....# ... #@#
#..#.....# ....g###g####
#..#......
..g.gg).g...####..####...
*
,.....###)................
###* #..........####...
####.......# #...
#.......####...
#..............
#.......###....


You could see Robin and a hobgoblin (strong).

Vanquished Creatures
  2 endoplasms (D:1)
  A giant cockroach (D:1)
  11 goblins
  3 hobgoblins
  4 kobolds
  A quokka (D:1)
  A ball python (D:1)
  7 bats
  3 frilled lizards (D:1)
  3 rats
36 creatures vanquished.

Notes
Turn   | Place    | Note
-------+----------+-------------------------------------------
     0 | D:1      | lunkers the Meteoran Earth Elementalist began the quest for
                  | the Orb.
     0 | D:1      | Reached XP level 1. HP: 14/14 MP: 5/5
    84 | D:1      | Reached XP level 2. HP: 19/20 MP: 0/6
   115 | D:1      | Reached skill level 4 in Earth Magic
   361 | D:1      | Reached XP level 3. HP: 22/26 MP: 4/8
   583 | D:2      | Noticed Robin
   602 | D:2      | Reached XP level 4. HP: 5/33 MP: 0/10
   603 | D:2      | Slain by Robin

Illustrated notes

Levels and vault maps discovered:
D:1:      dpeg_arrival_rooms_a, layout_basic
D:2:      layout_basic, uniq_robin

Skill      XL: |  1  2 |
---------------+-------+-----
Earth Magic    | 4 |  4.9
Spellcasting   | 3 |  3.4
Dodging        | |  2.4
Stealth        | |  1.4
Transmutations | |  1.2

Action                   |  1- 3 |  4- 6 || total
-------------------------+-------+-------++-------
Melee: Dagger            |     7 |       ||     7
 Cast: Sandblast         |    54 |     1 ||    55
  Use: Potion            |       |     1 ||     1
Armor: Robe              |    18 |       ||    18
Dodge: Dodged            |    27 |     1 ||    28

Table legend: (Time is in decaauts)
 A = Elapsed time spent in this place.
 B = Non-inter-level travel time spent in this place.
 C = Inter-level travel time spent in this place.
 D = Time resting spent in this place.
 E = Time spent auto-exploring this place.
 F = Levels seen in this place.
 G = Mean time per level.
                   A        B        C        D        E       F      G
               +--------+--------+--------+--------+--------+-----+--------+
         Total |    629 |    618 |     11 |      0 |    416 |   2 |  314.5 |
       Dungeon |    629 |    618 |     11 |      0 |    416 |   2 |  314.5 |
               +--------+--------+--------+--------+--------+-----+--------+

Top non-repeatable levels by time:
     D:1: 393 daAuts
     D:2: 235 daAuts
